cohdb
Replays
Latest Replays
All Replays
Popular Replays
Top Player Replays
Match Explorer
How It Works
Community
CoH3 Stats
Reddit
Sign in to upload your games and track your stats! →
Sign in with Steam
Match 39170007
Unlisted
Match 39170007
Overview
Messages
Build Orders
End
Construct Barracks
Engineer Squad
Riflemen Squad
Riflemen Squad
M1 Mortar Team
Riflemen Squad
Infantry Support Center
Construct Weapon Support Center
M3 Armored Personnel Carrier
Construct Medical Station
Construct Tank Depot
M1918 Browning Automatic Rifles
Bazooka Squad
M18 Hellcat Tank Destroyer
Engineer Squad
M4A1 Sherman Medium Tank
XuZhongwei
Toyota111
0
0
Comments
sign in to comment!
No comments posted yet!